 Dungeon Crawl Stone Soup version 0.29-a0-344-ge2f44be95a (webtiles) character file.

Game seed: 9404703984914231782

18 spaghetti the Sneak (level 2, 0/27 HPs)
             Began as a Deep Dwarf Delver on Apr 21, 2022.
             Slain by an orc warrior
             ... wielding a +0 halberd
              (10 damage)
             ... on level 6 of the Dungeon.
             The game lasted 00:01:04 (373 turns).

spaghetti the Sneak (Deep Dwarf Delver)              Turns: 373, Time: 00:01:04

Health: 0/27       AC:  3    Str: 15    XL:     2   Next: 51%
Magic:  2/2        EV: 12    Int: 10    God:
Gold:   39         SH:  0    Dex: 14    Spells: 1/1 levels left

rFire   . . .      SeeInvis .   a - +0 short sword {short}
rCold   . . .      Faith    .   (no shield)
rNeg    . . .      Spirit   .   b - +0 leather armour
rPois   .          Reflect  .   (no helmet)
rElec   .          Harm     .   (no cloak)
rCorr   .          Rampage  .   (no gloves)
Will    +....                   (no boots)
Stlth   +++.......              (no amulet)
HPRegen 0.00/turn               e - ring of willpower
MPRegen 0.08/turn               (no ring)

@: no status effects
A: damage resistance, heal wounds, sense surroundings 1, no regeneration
a: Heal Wounds


You were on level 6 of the Dungeon.
You visited 1 branch of the dungeon, and saw 2 of its levels.

You collected 39 gold pieces.


Innate Abilities, Weirdness & Mutations

You are resistant to damage.
You can heal yourself by infusing magical energy.
You passively map a small area around you.
You do not regenerate.


   Skills:
 - Level 2.6 Fighting
 - Level 1.7 Short Blades
 - Level 2.1 Dodging
 + Level 6.9 Stealth


You had one spell level left.
You didn't know any spells.
Your spell library was empty.

Inventory:

Hand Weapons
 a - a +0 short sword (weapon) {short}
Missiles
 i - 22 stones {throwing}
Armour
 b - a +0 leather armour (worn)
Jewellery
 e - a ring of willpower (left hand)
   (You found it on level 5 of the Dungeon)
Wands
 g - a wand of digging (3)
 h - a wand of paralysis (12)
   (You found it on level 5 of the Dungeon)
Scrolls
 c - 2 scrolls of fog
 d - a scroll of magic mapping {!r}
Potions
 f - a potion of haste {@q3}

Dungeon Overview and Level Annotations

Branches:
Dungeon (6/15)
 Temple: D:4-7

Altars:

Annotations:
D:6 2 exclusions, Edmund

, *
♣♣.♣♣
♣.♣ **
.. ♣..♣
♣♣♣ * ♣.
♣♣..♣
♣.*
♣..♣♣ ,
, ♣.
♣♣..♣ ,
♣. ♣..♣♣
♣.♣♣♣.♣♣
*
♣...♣.♣
*
♣o@...♣
,
♣.....♣♣
* * ,,
♣...♣♣.♣
* *
♣.♣♣*♣.♣
* ♣@*
♣.♣ * ,
♣ *
♣♣.** *
, * ♣


You could see Edmund (wandering) and an orc warrior.


Message History

The gnoll sergeant freezes you.
A gnoll comes into view. It is wielding a +0 flail. 😨 HP[-12]
You take 12 damage, and now have 8/20 hp.
MASSIVE DAMAGE!! (PAUSE)
Okay, then.
Okay, then.
As you read the scroll of fear, it crumbles to dust.
You assume a fearsome visage.
The adder looks frightened!
The gnoll sergeant looks frightened!
The gnoll looks frightened!
The gnoll shouts!
The gnoll looks frightened! x2
You hear the slow hiss of a very distant avalanche of sand.
Unknown command.
Unknown command.
The gnoll seems to regain its courage.
You closely miss the gnoll.
The adder hisses angrily.
Cornered, the gnoll turns to fight!
You closely miss the gnoll. The gnoll closely misses you.
You hit the gnoll but do no damage. The gnoll closely misses you.
You barely miss the gnoll. The gnoll misses you.
You hit the gnoll.
You kill the gnoll!
The adder completely misses you.
You have reached level 2! 😨 HP[+2] MP[+1]
You now have 27 max hp (+7).
You regained 2 hp, and now have 10/27 hp.
Your mp is fully restored (2).
Unknown command.
Unknown command.
Aiming: Paralyse
Press: ? - help, Shift-Dir - straight line, f - adder
Aim: an adder (chance to affect: 57%)
Your attack snaps the adder out of its fear.
The adder suddenly stops moving!
The helpless adder fails to defend itself.
You impale the adder!!
You kill the adder!
e - a ring of willpower
e - a ring of willpower (left hand)
Your library has no spells.
Unknown command.
Things that are here:
a +0 club {mace}; an adder corpse You now have 15 gold pieces.
A gnoll sergeant is nearby!
A gnoll sergeant is nearby!
Okay, then.
Press: ? - help, v - describe, . - travel The floor.
You start waiting.
You hear the slow hiss of a very distant avalanche of sand.
You hear the slow hiss of a very distant avalanche of sand.
Done waiting.
A gnoll sergeant is nearby!
Press: ? - help, v - describe, . - travel
Here: a gnoll sergeant, wielding a +2 spear of freezing and wearing a +0 ring mail (wandering, hasn't noticed you)
The floor.
You hear the slow hiss of a very distant avalanche of sand.
Okay, then.
Okay, then.
A gnoll is nearby!
A gnoll is nearby!
There is a stone staircase leading down here.
You climb downwards.
There is a stone staircase leading up here.
Unknown command.
Unknown command.
Found a stone staircase leading down.
You now have 28 gold pieces (gained 13).
Key pressed, stopping explore.
Key pressed, stopping explore.
A wight comes into view. It is wielding a +3 trident.
Press: ? - help, v - describe, . - travel The floor.
Placed new exclusion.
Reduced exclusion size to a single square.
An orc comes into view. It is wielding a +0 mace.
An orc is nearby!
An orc is nearby!
An orc is nearby!
Press: ? - help, v - describe, . - travel The floor.
Placed new exclusion.
Reduced exclusion size to a single square.
An orc is nearby!
An orc is nearby!
You now have 39 gold pieces (gained 11).
Key pressed, stopping explore.
i - 22 stones {throwing} Key pressed, stopping explore.
You see here a +0 short sword {short}.
You see here a +0 leather armour.
An orc warrior comes into view. It is wielding a +0 halberd.
Edmund the Younger comes into view.
He is wielding a +0 dire flail of protection.
The orc warrior shouts!
The orc warrior hits you with a +0 halberd!
You die...

Action                   || total
-------------------------++-------
Melee: Short sword       ||     8
Evoke: Wand              ||     1
  Use: Scroll            ||     2
 Stab: Sleeping          ||     1
       Paralysed         ||     1
Dodge: Dodged            ||     5

Levels and vault maps discovered:
D:5:      layout_basic, nicolae_ossuary_entry_monument
D:6:      kb_forest_paths, layout_basic, chequers_serial_rivers_large_b,
          uniq_edmund

Notes
Turn   | Place    | Note
-------+----------+-------------------------------------------
     0 | D:5      | spaghetti the Deep Dwarf Delver began the quest for the
                  | Orb.
     0 | D:5      | Reached XP level 1. HP: 20/20 MP: 1/1
     0 | D:5      | magus.rc [v1.9.6]
    35 | D:5      | Noticed a gnoll sergeant
    61 | D:5      | Reached XP level 2. HP: 10/27 MP: 2/2
   259 | D:6      | Noticed a wight
   370 | D:6      | Noticed an orc warrior
   373 | D:6      | Noticed Edmund
   373 | D:6      | Slain by an orc warrior

Vanquished Creatures
  A gnoll (D:5)
  An adder (D:5)
2 creatures vanquished.

Table legend:
 A = Non-vault XP
 B = Vault XP
 C = Vault XP percentage of total XP
 D = Non-vault monster count
 E = Vault monster count
 F = Vault count percentage of total count
                 A         B        C        D         E       F
            +---------+---------+-------+---------+---------+-------
      Total |      27 |       0 |   0.0 |       2 |       0 |   0.0
            +---------+---------+-------+---------+---------+-------
        D:5 |      27 |       0 |   0.0 |       2 |       0 |   0.0
            +---------+---------+-------+---------+---------+-------

Illustrated notes

Table legend:
 A = Kills in this place as a percentage of kills in entire the game.
 B = Kills by you in this place as a percentage of kills by you in the entire game.
 C = Kills by friends in this place as a percentage of kills by friends in the entire game.
 D = Other kills in this place as a percentage of other kills in the entire game.
 E = Experience gained in this place as a percentage of experience gained in the entire game.
 F = Experience gained in this place divided by the number of levels of this place that you have seen.
                   A       B       C       D       E      F
               +-------+-------+-------+-------+-------+----------------------
         Total | 100.0 | 100.0 |   N/A |   N/A | 100.0 |  13.5
       Dungeon | 100.0 | 100.0 |   N/A |   N/A | 100.0 |  13.5
               +-------+-------+-------+-------+-------+----------------------

Table legend: (Time is in decaauts)
 A = Elapsed time spent in this place.
 B = Non-inter-level travel time spent in this place.
 C = Inter-level travel time spent in this place.
 D = Time resting spent in this place.
 E = Time spent auto-exploring this place.
 F = Levels seen in this place.
 G = Mean time per level.
                   A        B        C        D        E       F      G
               +--------+--------+--------+--------+--------+-----+--------+
         Total |    372 |    372 |      0 |    100 |    183 |   2 |  186.0 |
       Dungeon |    372 |    372 |      0 |    100 |    183 |   2 |  186.0 |
               +--------+--------+--------+--------+--------+-----+--------+

Top non-repeatable levels by time:
     D:5: 214 daAuts
     D:6: 157 daAuts
